 Dungeon Crawl Stone Soup version 0.31-a0-1082-g7d1fb776a8 (webtiles) character file.

Game seed: 15555678086890119641

609071 Dirtsage the Peltast (level 25, -5/217 (218) HPs)
             Began as a Demonspawn Monk on Nov 26, 2023.
             Was a High Priest of Wu Jian.
             Killed from afar by a hellion (29 damage)
             ... with damnation
             ... in Pandemonium on Nov 27, 2023.
             The game lasted 03:48:18 (59262 turns).

Dirtsage the Peltast (Demonspawn Monk)             Turns: 59262, Time: 03:48:19

HP:   -5/217 (218)  AC: 36    Str: 17    XL:     25   Next: 58%
MP:   38/40         EV: 20    Int: 14    God:    Wu Jian [*****.]
Gold: 3286          SH: 27    Dex: 24    Spells: 33/39 levels left

rFire   + + +        Y - +9 double sword (heavy)
rCold   + + +        G - +5 kite shield {reflect}
rNeg    + + .        k - +11 plate armour of Ignis {rF+}
rPois   +            (helmet unavailable)
rElec   +            v - scarf {rC+ rF+}
rCorr   +            A - +0 pair of gloves "Poroq" {rPois Will+}
SInv    .            z - +2 pair of boots of Winter {Will+}
Will    +++..        R - amulet "Tiruas" {Reflect rPois rF+ Dex+2 SH+5} Stlth
                     C - ring of resist corrosion
HPRegen 0.56/turn    M - ring "Bixaxki" {rElec rC+ rN++ MP+9 Stlth-}
MPRegen 0.27/turn

%: reflection
@: mighty, agile, studying 2 skills, lightly drained
A: horns 3, rugged brown scales 3, powered by death 2, powered by pain 3,
corrupting presence 2, cold resistance 1, low MP 1, sense surroundings 1, strong
1
}: 5/15 runes: barnacled, slimy, silver, demonic, gossamer
a: Renounce Religion, Wall Jump, Serpent's Lash, Heavenly Storm


You were in Pandemonium.
You worshipped Wu Jian.
Wu Jian was extremely pleased with you.
You visited 10 branches of the dungeon, and saw 48 of its levels.
You visited Pandemonium 2 times, and saw 2 of its levels.
You also visited: Bailey, Gauntlet, Ice Cave and Wizlab.

You collected 8238 gold pieces.
You spent 4952 gold pieces at shops.

Inventory:

Hand Weapons
 Y - a +9 heavy double sword (weapon)
Armour
 k - the +11 plate armour of Ignis (worn) {rF+}
   (You found it on level 5 of the Vaults)

   rF+:       It protects you from fire.
 r - a +1 tower shield of poison resistance
 v - a scarf of resistance (worn)
 z - the +2 pair of boots of Winter (worn) {Will+}
   (You found it on level 3 of the Depths)

   Will+:     It increases your willpower.
 A - the +0 pair of gloves "Poroq" (worn) {rPois Will+}
   (You found it on level 5 of the Vaults)

   rPois:     It protects you from poison Will+: It increases your willpower.
 G - a +5 kite shield of reflection (worn)
Jewellery
 f - the ring of Namief {Will+ Str+3 Int+3}
   (You took it off a deep elf knight on level 3 of the Elven Halls)

   [ring of willpower]

   Str+3:     It affects your strength (+3).
   Int+3:     It affects your intelligence (+3).
   Will+:     It increases your willpower.
 o - a ring of flight
 u - an amulet of regeneration
 C - a ring of resist corrosion (left hand)
 F - a ring of protection from fire
 K - the amulet "Palewoca" {Faith rElec}
   (You found it on level 2 of the Vaults)

   [amulet of faith]

   Faith:     It allows you to gain divine favour quickly.
   rElec:     It insulates you from electricity.
 M - the ring "Bixaxki" (right hand) {rElec rC+ rN++ MP+9 Stlth-}
   (You bought it in a shop on level 2 of the Orcish Mines)

   [ring of protection from cold]

   rC+:       It protects you from cold.
   rElec:     It insulates you from electricity.
   rN++:      It greatly protects you from negative energy.
   MP+9:      It affects your magic capacity (+9).
   Stlth-:    It makes you less stealthy.
 Q - the ring "Ubige" {rC+ EV+5}
   (You acquired it on level 3 of the Elven Halls)

   [ring of evasion]

   EV+5:      It affects your evasion (+5).
   rC+:       It protects you from cold.
 R - the amulet "Tiruas" (around neck) {Reflect rPois rF+ Dex+2 SH+5}
   (You found it in a wizard's laboratory)

   [amulet of reflection]

   Reflect:   It reflects blocked missile attacks.
   Dex+2:     It affects your dexterity (+2).
   rF+:       It protects you from fire.
   rPois:     It protects you from poison SH+5: It affects your SH (+5).
 S - a ring of see invisible
 U - the amulet "Buojuamn" {Spirit rElec rC+ Str+4}
   (You took it off a deep elf demonologist on level 5 of the Vaults)

   [amulet of guardian spirit]

   Spirit:    It causes incoming damage to be divided between your reserves of
   health and magic.
   Str+4:     It affects your strength (+4).
   rC+:       It protects you from cold.
   rElec:     It insulates you from electricity.
 W - the ring of the Treeataur {Ice rElec rN++ rCorr}
   (You found it on level 5 of the Pits of Slime)

   [ring of ice]

   Ice:       It enhances your ice magic.
   rF-:       It makes you vulnerable to fire.
   rC+:       It protects you from cold.
   rElec:     It insulates you from electricity.
   rN++:      It greatly protects you from negative energy.
   rCorr:     It protects you from acid and corrosion.
Wands
 D - a wand of digging (10)
 J - a wand of iceblast (46)
 O - a wand of paralysis (5)
 V - a wand of acid (22)
Scrolls
 c - a scroll of silence
 e - 8 scrolls of fog
 g - 6 scrolls of fear
 i - 2 scrolls of brand weapon
 m - 10 scrolls of enchant armour
 s - 4 scrolls of revelation
 t - 6 scrolls of teleportation
 w - 10 scrolls of poison
 B - 5 scrolls of blinking
 E - 12 scrolls of immolation
 I - 4 scrolls of butterflies
 T - 3 scrolls of torment
Potions
 a - 10 potions of cancellation
 b - 5 potions of mutation
 d - 9 potions of might
 h - 4 potions of haste
 j - 4 potions of invisibility
 l - 10 potions of heal wounds
 n - 4 potions of resistance
 p - 15 potions of brilliance
 q - 19 potions of curing
 x - 6 potions of enlightenment
 y - 6 potions of magic
 H - 3 potions of attraction
 N - 9 potions of lignification
Miscellaneous
 L - a phial of floods


   Skills:
 + Level 18.0 Fighting
 + Level 18.0 Long Blades
 - Level 16.0 Armour
 - Level 16.2 Dodging
 + Level 18.4 Shields
 + Level 7.9 Spellcasting
 + Level 14.8 Translocations
 + Level 14.8 Air Magic
 + Level 10.8 Shapeshifting


You had 33 spell levels left.
You knew the following spells:

 Your Spells              Type           Power      Damage    Failure   Level
a - Vhi's Electric Charg  Tloc/Air       94%        N/A       6%          4
b - Wereblood             Tmut           5%         N/A       99%         2

Your spell library contained the following spells:

 Spells                   Type           Power      Damage    Failure   Level
 Apportation              Tloc           94%        N/A       1%          1
 Blink                    Tloc           94%        N/A       1%          2
 Lesser Beckoning         Tloc           94%        N/A       1%          2
 Gell's Gravitas          Tloc           47%        N/A       1%          3
 Swiftness                Air            47%        N/A       1%          3
 Teleport Other           Tloc           47%        N/A       1%          3
 Manifold Assault         Tloc           47%        N/A       6%          4
 Momentum Strike          Conj/Tloc      52%        3d9       21%         2
 Poisonous Vapours        Pois/Air       52%        N/A       21%         2
 Volatile Blastmotes      Fire/Tloc      52%        2d14      36%         3
 Cigotuvi's Dreadful Rot  Necr/Pois/Air  38%        N/A       50%         2
 Dispersal                Tloc           23%        N/A       67%         6
 Mephitic Cloud           Conj/Pois/Air  19%        N/A       73%         3
 Dimensional Bullseye     Hex/Tloc       13%        N/A       78%         4
 Iskenderun's Mystic Bla  Conj/Tloc      26%        2d7       78%         4
 Summon Lightning Spire   Summ/Air       26%        N/A       78%         4
 Foxfire                  Conj/Fire      20%        2x1d5     96%         1
 Freeze                   Ice            20%        1d4       96%         1
 Kiss of Death            Conj/Necr      20%        2d7       96%         1
 Necrotise                Necr           20%        1d5       96%         1
 Sandblast                Erth           10%        2d5       96%         1
 Slow                     Hex            20%        N/A       96%         1
 Summon Small Mammal      Summ           20%        N/A       96%         1
 Arcjolt                  Conj/Air       13%        1d23      98%         5
 Silence                  Hex/Air        13%        N/A       98%         5
 Summon Forest            Summ/Tloc      13%        N/A       98%         5
 Ensorcelled Hibernation  Hex/Ice        10%        N/A       99%         2
 Jinxbite                 Hex            10%        N/A       99%         2
 Passwall                 Tmut/Erth      4%         N/A       99%         2
 Scorch                   Fire           10%        2d5       99%         2
 Sublimation of Blood     Necr           5%         N/A       99%         2
 Call Canine Familiar     Summ           5%         N/A       100%        3
 Confusing Touch          Hex            5%         N/A       100%        3
 Dazzling Flash           Conj/Hex       10%        N/A       100%        3
 Ignite Poison            Fire/Tmut/Pois 5%         N/A       100%        3
 Inner Flame              Hex/Fire       5%         N/A       100%        3
 Sigil of Binding         Hex            5%         N/A       100%        3
 Stone Arrow              Conj/Erth      10%        3d7       100%        3
 Summon Guardian Golem    Hex/Summ       5%         N/A       100%        3
 Tukima's Dance           Hex            5%         N/A       100%        3
 Vampiric Draining        Necr           5%         2d6       100%        3
 Animate Armour           Summ/Erth      10%        N/A       100%        4
 Animate Dead             Necr           5%         N/A       100%        4
 Brom's Barrelling Bould  Conj/Erth      5%         2d3       100%        4
 Dispel Undead            Necr           5%         3d7       100%        4
 Flame Wave               Conj/Fire      5%         2d5       100%        4
 Fulminant Prism          Conj/Hex       2%         3d5       100%        4
 Leda's Liquefaction      Hex/Erth       2%         N/A       100%        4
 Sticky Flame             Conj/Fire      5%         2d3       100%        4
 Agony                    Necr           5%         N/A       100%        5
 Alistair's Intoxication  Tmut/Pois      3%         N/A       100%        5
 Borgnjor's Vile Clutch   Necr/Erth      2%         N/A       100%        5
 Freezing Cloud           Conj/Ice/Air   9%         6-21      100%        5
 Lee's Rapid Deconstruct  Erth           2%         3d5*      100%        5
 Yara's Violent Unravell  Hex/Tmut       2%         3d3       100%        5
 Eringya's Noxious Bog    Tmut/Pois      2%         4d6       100%        6
 Plasma Beam              Fire/Air       13%        2x1d24    100%        6
 Simulacrum               Ice/Necr       2%         N/A       100%        6
 Starburst                Conj/Fire      2%         6d3       100%        6
 Summon Cactus Giant      Summ           2%         N/A       100%        6
 Enfeeble                 Hex            2%         N/A       100%        7
 Haunt                    Necr/Summ      2%         N/A       100%        7
 Malign Gateway           Summ/Tloc      13%        N/A       100%        7
 Monstrous Menagerie      Summ           2%         N/A       100%        7
 Ozocubu's Refrigeration  Ice            2%         4d8       100%        7
 Spellforged Servitor     Conj/Summ      2%         N/A       100%        7
 Summon Hydra             Summ           2%         N/A       100%        7
 Disjunction              Tloc           23%        N/A       100%        8
 Infestation              Necr           2%         N/A       100%        8
 Maxwell's Capacitive Co  Air            23%        ∞         100%        8
 Polar Vortex             Ice            2%         N/A       100%        9


Dungeon Overview and Level Annotations

Branches:
Dungeon (15/15)            Temple (1/1) D:6            Lair (5/5) D:10
 Shoals (4/4) Lair:2       Spider (4/4) Lair:3        Slime (5/5) Lair:5
    Orc (2/2) D:12            Elf (3/3) Orc:2        Vaults (5/5) D:13
  Crypt (0/3) Vaults:2     Depths (4/4) D:15         Bailey (visited)
  IceCv (visited)          WizLab (visited)         Gauntlet (visited)
    Zot: Depths:4

Altars:
Ashenzari
Cheibriados
Dithmenos
Fedhas
Gozag
Hepliaklqana
Kikubaaqudgha
Makhleb
Nemelex Xobeh
Okawaru
Qazlal
Ru
Sif Muna
Trog
Uskayaw
Vehumet
Wu Jian
Xom
Yredelemnul
Jiyva
Lugonu

Shops:
D:9 (   D:13 [**   D:15 (   Orc:1 *   Orc:2 =(!*   Elf:3 ?   Shoals:1 !*
Vaults:2 [!!:   Vaults:5 =   Depths:1 (   Depths:3 :=:

Portals:
Hell: Lair:5 Depths:1 Depths:2 Depths:3
Abyss: Depths:2 Depths:3
Pandemonium: Orc:2 Depths:2
Ziggurat: Depths:4
Trove: D:10 (give 4 potions of resistance)

Annotations:
D:3 1 runed translucent door, Crazy Yiuf
Shoals:2 Polyphemus
Shoals:3 exclusion: 2 oklob plants
Elf:2 1 runed translucent door


Innate Abilities, Weirdness & Mutations

You have a pair of large horns on your head.
You are completely covered in rugged brown scales. (AC +3, +7% HP)
You regenerate health from kills.
You are powered by pain.
Your presence sometimes corrodes or deforms those you injure.
Your flesh is cold resistant. (rC+)
Your magical capacity is low. (-10% MP)
You passively map a small area around you.
Your muscles are strong. (Str +4, Int/Dex -1)


Message History

You take 21 damage, and have 65/217 hp.
You slash the hellion!
The hellion is severely wounded.
The Ice Fiend calls on the powers of darkness!
Your body is wracked with pain!
* * * LOW HITPOINT WARNING * * *
You block the hellion's attack.
You take 24 damage, and have 41/217 hp.
You closely miss the hellion. You headbutt the hellion.
The hellion is severely wounded.
You block the hellion's attack.
You barely miss the hellion. You headbutt the hellion.
The hellion is almost dead.
You block the hellion's attack. The Ice Fiend gestures at you.
The bolt of cold hits you! You resist.
* * * LOW HITPOINT WARNING * * *
You take 7 damage, and have 35/217 hp.
You spin and attack the hellion.
You closely miss the hellion.
The hellion is almost dead.
You spin and attack the soul eater.
You carve the soul eater like a ham!!!
The soul eater twists and deforms.
The soul eater is severely wounded.
You block the hellion's attack.
The Ice Fiend calls on the powers of darkness!
Your body is wracked with pain!
* * * LOW HITPOINT WARNING * * *
You block the soul eater's attack. The hellion completely misses you.
You take 12 damage, and have 23/217 hp.
You spin and attack the hellion.
You closely miss the hellion.
The hellion is almost dead.
You spin to attack the soul eater, but your attack speed is too slow for a blow to land.
You block the soul eater's attack. The hellion closely misses you.
You spin to attack the hellion, but your attack speed is too slow for a blow to land.
You spin and attack the soul eater.
You slash the soul eater!
You kill the soul eater!
The Council accepts your kill. The hellion gestures at you.
The sphere of damnation explodes!
The damnation engulfs you!!
You die...

.#.###)..#.......#.+#.......#+##
.#...#'#.#.............###.....#
.#.....######'#####...##.##...###
.')......#........##..+...'..##..
.#.).....#.........##.#...# ##...
.#......)#..........####'####....
##......))..........#.......#....
.##......#......2...#.......#....
..##.....#......@.1.#.......#....
...##....#..........'.......'....
....#'#####.........#.......#....
...##.. ##........#.......#...#
..##.. ##.......#.......#..?#
.##...,, ,, ####'#######'########
## , ,, #......#.......#...# .# ,
,.. ##.##.....##.....##...' .###
... #...#......'.....'....#


You could see an Ice Fiend and a hellion.

Vanquished Creatures
  the Royal Jelly (Slime:5)
  A dread lich (Vaults:5)
  2 ancient liches
  3 juggernauts (Depths:3)
  2 pandemonium lords (Pan)
  Josephina (Depths:3)
  Bai Suzhen (Depths:2)
  Margery (Vaults:4)
  7 caustic shrikes
  Xtahua (Vaults:2)
  3 golden dragons
  Jory (Depths:2)
  A Hellbinder (WizLab)
  A hellephant (WizLab)
  2 Tzitzimimeh (Pan)
  An Ice Fiend (Pan)
  A Hell Sentinel (Pan)
  Rupert (Orc:2)
  7 liches
  2 walking earthen tomes (Depths:3)
  6 tentacled monstrosities
  8 titans
  Mlioglotl (Spider:1)
  2 deep elf master archers (Elf:3)
  9 acid blobs (Slime:5)
  3 deep elf blademasters
  3 quicksilver dragons
  The ghost of othur the Warrior, an adept DsCK of Xom (Spider:3)
  10 sphinxes
  2 krakens
  The ghost of t4s4d4r the Marksdemigod, an adept DgHu (Spider:3)
  2 Executioners (Pan)
  4 shadow dragons
  10 tengu reavers
  4 storm dragons
  8 rockslimes (Slime:5)
  The ghost of Lokifa the Marksgnoll, an adept GnWn of Ru (Depths:3)
  7 azure jellies
  6 demonspawn warmongers (Pan)
  Donald (Spider:3)
  5 fire giants
  11 frost giants
  9 deep elf sorcerers
  17 vault wardens
  5 emperor scorpions
  7 balrugs
  3 ghost moths
  A curse skull (Vaults:2)
  The ghost of Hun Mipn the Crack Shot, an adept DERe of Okawaru (Spider:3)
  The ghost of Hun Mipn the Crack Shot, an adept DERe of Okawaru (Spider:3)
  5 deep elf elementalists (Elf:3)
  5 cacodemons
  6 orc warlords
  6 quicksilver oozes (Slime:5)
  2 demonspawn corrupters (Pan)
  5 war gargoyles
  7 reapers
  12 ironbound thunderhulks
  3 demonspawn blood saints (Pan)
  A lorocyproca (WizLab)
  18 very ugly things
  6 spriggan defenders
  25 ironbound preservers
  18 stone giants
  6 formless jellyfish
  A vampire knight (Depths:3)
  Azrael (Elf:2)
  6 deep elf demonologists
  6 deep elf annihilators
  A bunyip (shapeshifter) (Depths:2)
  3 minotaurs
  A dire elephant (Vaults:1)
  15 spark wasps
  2 eidola (Vaults:2)
  4 deep elf death magi (Elf:3)
  4 merfolk javelineers
  12 ettins
  5 merfolk impalers
  12 fire dragons
  4 blizzard demons (Pan)
  4 deep elf high priests
  9 great orbs of eyes
  2 green deaths (WizLab)
  3 entropy weavers
  10 ice dragons
  Fannar (D:10)
  13 yaktaur captains
  3 rakshasas
  A peacekeeper (Vaults:4)
  Erolcha (D:13)
  4 spriggan air magi
  A jorogumo (Spider:3)
  45 vault guards
  4 caustic shrike simulacra
  2 merfolk avatars
  2 ogre magi
  4 hydras
  20 ironbound frosthearts
  A radroach (Spider:4)
  3 alligator snapping turtles
  An anaconda (shapeshifter) (Depths:3)
  12 centaur warriors
  A merfolk aquamancer (Shoals:3)
  29 dancing weapons
  A death yak (shapeshifter) (Vaults:5)
  4 hell beasts (WizLab)
  A death yak (Shoals:2)
  3 demonspawn (Orc:2)
  3 deep troll shamans
  9 deep troll earth magi
  7 boulder beetles
  9 tengu warriors
  8 two-headed ogres
  10 death scarabs (Spider:4)
  4 vampire magi
  9 satyrs
  10 demonic crawlers
  An occultist (Lair:5)
  8 orc high priests (Orc:2)
  9 soul eaters
  9 spriggan berserkers
  19 sun demons
  8 hell knights
  3 sun moths
  7 skysharks
  6 sixfirhies
  A shadow wraith (Vaults:5)
  16 deep elf knights
  5 iron trolls
  2 titan skeletons
  2 large abominations (Pan)
  13 sea snakes
  A spark wasp zombie (Depths:3)
  4 skeletal warriors
  7 pharaoh ants
  67 deep trolls
  3 glowing orange brains
  A spectral jorogumo (Spider:4)
  3 obsidian statues
  5 shadow demons
  An orange crystal statue (Depths:2)
  A spriggan simulacrum (IceCv)
  2 flayed ghosts
  5 orb spiders
  8 arcanists
  18 ironbound convokers
  23 harpies
  A lindwurm (shapeshifter) (Vaults:5)
  A bog body (IceCv)
  3 phantasmal warriors (Vaults:5)
  7 lindwurms
  2 wolf spider zombies (Spider:4)
  5 steelbarb worms
  A spectral wolf spider (Spider:4)
  7 necromancers
  16 deep elf archers
  36 deep elf zephyrmancers
  20 orc knights
  30 deep elf pyromancers
  9 orc sorcerers (Orc:2)
  Pikel (D:5)
  A steelbarb worm (shapeshifter) (Vaults:5)
  A sphinx simulacrum (Depths:3)
  13 fauns
  A tengu skeleton (Depths:1)
  26 wolf spiders
  4 shining eyes
  2 moths of wrath (Spider:4)
  7 cyclopes
  20 manticores
  27 ugly things
  Maurice (D:8)
  A salamander (Depths:3)
  26 elephants
  4 black mambas
  A moth of wrath (shapeshifter) (D:9)
  10 merfolk sirens
  19 vault sentinels
  5 water nymphs
  3 rust devils (WizLab)
  4 torpor snails
  An eye of devastation (Slime:4)
  A titan simulacrum (Depths:3)
  A torpor snail (shapeshifter) (Vaults:5)
  An ice statue (Shoals:1)
  15 cane toads
  8 orange demons
  2 unseen horrors
  12 smoke demons
  A redback zombie (Spider:4)
  A hellion (Pan)
  5 spectral redbacks (Spider:4)
  5 rime drakes
  3 kobold demonologists
  Jeremiah (D:7)
  4 tengu conjurers
  5 ice devils
  18 yaktaurs
  A tormentor (Pan)
  2 efreet
  6 komodo dragons
  Psyche (D:9)
  7 freezing wraiths (IceCv)
  5 golden dragon simulacra
  6 red devils
  3 hellwings
  25 merfolk
  3 wind drakes
  A wolf spider simulacrum (D:14)
  A queen bee (shapeshifter) (D:15)
  8 trolls
  15 hornets
  3 spectral jumping spiders (Spider:4)
  A tarantella (shapeshifter) (Elf:2)
  Prince Ribbit (D:6)
  5 snapping turtles
  26 tarantellas
  A polar bear (Lair:3)
  A spriggan zombie (Depths:1)
  A shadow dragon simulacrum (Depths:3)
  A spectral culicivora (Spider:4)
  23 blink frogs
  9 dream sheep
  A stone giant simulacrum (Depths:1)
  4 glass eyes
  2 spectral tarantellas (Spider:4)
  A jumping spider zombie (Spider:4)
  2 dream sheep (shapeshifter)
  27 jumping spiders
  2 air elementals
  Sigmund (D:5)
  46 slime creatures
  10 spriggans
  A wraith (D:14)
  18 culicivoras
  2 ynoxinuls (Pan)
  5 shadows
  10 wyverns
  10 water elementals
  54 yaks
  A basilisk (shapeshifter) (Vaults:5)
  2 chaos spawn (Pan)
  6 fire elementals
  A human (shapeshifter) (Vaults:5)
  43 redbacks
  A redback (shapeshifter) (Vaults:5)
  14 vampire mosquitoes
  3 basilisks
  9 neqoxecs
  Grum (D:9)
  8 golden eyes (Slime:2)
  4 wargs
  A warg (shapeshifter) (Vaults:5)
  A glowing shapeshifter zombie (Depths:1)
  2 hydra simulacra (IceCv)
  2 acid dragons
  Duvessa (D:5)
  A swamp drake (D:10)
  11 water moccasins
  8 hell hounds
  49 orc warriors
  2 ice beasts
  A sky beast (D:7)
  A black bear (D:6)
  14 ogres
  14 centaurs
  A wolf (shapeshifter) (Vaults:5)
  2 ettin simulacra (IceCv)
  A phantom (D:6)
  12 wolves
  2 lemures (D:5)
  3 kobold brigands
  A bullfrog (shapeshifter) (Vaults:5)
  3 earth elementals
  9 bullfrogs
  2 gnoll sergeants
  2 scorpions
  3 wights (D:9)
  Dowan (D:5)
  15 killer bees
  2 howler monkeys (D:7)
  5 jellies (Lair:5)
  24 orc priests
  2 hounds
  A gnoll bouda (Orc:1)
  Natasha (thrice) (D:2)
  Terence (D:2)
  A sleepcap (D:5)
  3 iguanas
  12 orc wizards
  8 adders
  8 gnolls
  A shadow imp (D:7)
  2 white imps
  3 ufetubi
  A worm (D:4)
  3 dart slugs
  88 orcs
  6 endoplasms
  4 giant cockroaches
  A goblin (shapeshifter) (Vaults:5)
  9 hobgoblins
  9 jackals
  2 quokkas (D:2)
  6 ball pythons
  6 bats
  4 frilled lizards
  11 goblins
  21 kobolds
  5 rats
  A spectral weapon (Depths:3)
  4 tentacles
2169 creatures vanquished.

Vanquished Creatures (others)
  2 balrugs
  A lorocyproca (Pan)
  A deep elf death mage (Elf:3)
  A rakshasa (Depths:3)
  A dancing weapon (Elf:3)
  A deep elf zephyrmancer (Elf:1)
  A deep elf pyromancer (Elf:2)
  A storm dragon simulacrum (Depths:3)
  A frost giant simulacrum (Depths:3)
  A fire elemental (Elf:2)
  A hell hound (Elf:2)
  2 starspawn tentacles (Spider:1)
  13 tentacles
27 creatures vanquished.

Grand Total: 2196 creatures vanquished

Notes
Turn   | Place    | Note
-------+----------+-------------------------------------------
     0 | D:1      | Dirtsage the Demonspawn Monk began the quest for the Orb.
     0 | D:1      | Reached XP level 1. HP: 18/18 MP: 1/1
   114 | D:1      | Gained mutation: You have a pair of small horns on your
                  | head. [demonic ancestry]
   114 | D:1      | Reached XP level 2. HP: 24/24 MP: 2/2
   145 | D:1      | Found a faded altar of an unknown god.
   326 | D:1      | Gained mutation: You sometimes gain a little power by
                  | taking damage. [demonic ancestry]
   326 | D:1      | Reached XP level 3. HP: 29/29 MP: 3/3
   538 | D:2      | Noticed Natasha
   549 | D:2      | Killed Natasha
   718 | D:2      | Noticed Natasha
   721 | D:2      | Reached XP level 4. HP: 26/35 MP: 4/4
   728 | D:2      | Killed Natasha
   958 | D:2      | Reached skill level 5 in Long Blades
  1034 | D:2      | Noticed Natasha
  1038 | D:2      | Killed Natasha
  1039 | D:2      | Gained mutation: You have a pair of horns on your head.
                  | [demonic ancestry]
  1039 | D:2      | Reached XP level 5. HP: 41/41 MP: 5/5
  1109 | D:2      | Noticed Terence
  1117 | D:2      | Killed Terence
  1902 | D:3      | Found a runed translucent door.
  1903 | D:3      | Noticed Crazy Yiuf
  2395 | D:4      | Reached XP level 6. HP: 39/47 MP: 6/6
  2529 | D:4      | Found a burning altar of Makhleb.
  2686 | D:5      | Entered Level 5 of the Dungeon
  2755 | D:5      | Noticed Duvessa
  2756 | D:5      | Noticed Dowan
  2763 | D:5      | Killed Duvessa
  2778 | D:5      | Killed Dowan
  2936 | D:5      | Noticed Sigmund
  2943 | D:5      | Killed Sigmund
  2944 | D:5      | Reached XP level 7. HP: 50/52 MP: 7/7
  3032 | D:5      | Noticed Pikel
  3055 | D:5      | Killed Pikel
  3056 | D:5      | Gained mutation: You sometimes gain power by taking damage.
                  | [demonic ancestry]
  3056 | D:5      | Reached XP level 8. HP: 21/58 MP: 8/8
  3642 | D:6      | Noticed Prince Ribbit
  3644 | D:6      | Found a hazy altar of Hepliaklqana.
  3656 | D:6      | Reached skill level 10 in Long Blades
  3669 | D:6      | Killed Prince Ribbit
  4028 | D:6      | Gained mutation: You regenerate a little health from kills.
                  | [demonic ancestry]
  4028 | D:6      | Reached XP level 9. HP: 61/63 MP: 9/9
  4327 | D:6      | Found a staircase to the Ecumenical Temple.
  4337 | Temple   | Entered the Ecumenical Temple
  4345 | Temple   | Became a worshipper of the Wu Jian Council
  4345 | Temple   | Reached * piety under Wu Jian
  4345 | Temple   | Reached ** piety under Wu Jian
  4418 | D:7      | Noticed a two-headed ogre
  4438 | D:7      | Killed a two-headed ogre
  5117 | D:7      | Reached skill level 1 in Armour
  5127 | D:7      | Noticed Jeremiah
  5141 | D:7      | Killed Jeremiah
  5142 | D:7      | Gained mutation: You have a pair of large horns on your
                  | head. [demonic ancestry]
  5142 | D:7      | Reached XP level 10. HP: 18/67 MP: 10/10
  5156 | D:8      | Noticed Maurice
  5556 | D:7      | Found a shimmering blue altar of Sif Muna.
  5648 | D:8      | Maurice stole a ring of wizardry
  5652 | D:8      | Maurice stole a +0 falchion
  5653 | D:8      | Killed Maurice
  6090 | D:8      | Found a blossoming altar of Fedhas.
  6204 | D:8      | Reached *** piety under Wu Jian
  6542 | D:9      | Reached skill level 5 in Fighting
  6565 | D:9      | Found a flagged portal.
  6576 | Bailey   | Entered a bailey
  6685 | Bailey   | Reached **** piety under Wu Jian
  6692 | Bailey   | Noticed an orc knight
  6708 | Bailey   | Killed an orc knight
  6858 | Bailey   | Reached skill level 5 in Dodging
  7033 | D:9      | Noticed Grum
  7055 | D:9      | Reached XP level 11. HP: 60/81 MP: 11/11
  7057 | D:9      | Killed Grum
  7302 | D:9      | a yaktaur changed into a lindwurm
  7302 | D:9      | Noticed a lindwurm (shapeshifter)
  7497 | D:9      | Found Zanabbets's Antique Weapon Boutique.
  7506 | D:9      | Noticed Psyche
  7512 | D:9      | Killed Psyche
  7526 | D:9      | Bought a crystal scimitar for 270 gold pieces
  7526 | D:9      | Identified the +1 scimitar of Gaariek {flame, Str+2} (You
                  | bought it in a shop on level 9 of the Dungeon)
  7540 | D:9      | Identified the +3 scale mail "Hiexteibli" {rN+++ Dex+2}
  7772 | D:10     | Entered Level 10 of the Dungeon
  7790 | D:10     | Reached skill level 5 in Armour
  7989 | D:10     | Noticed a two-headed ogre
  7993 | D:10     | Killed a two-headed ogre
  8037 | D:10     | Found a basalt altar of Yredelemnul.
  8255 | D:10     | Noticed Fannar
  8275 | D:10     | Killed Fannar
  8276 | D:10     | Reached skill level 1 in Shields
  8404 | D:10     | Noticed a vault guard
  8416 | D:10     | Killed a vault guard
  8574 | D:10     | Found a portal to a secret trove of treasure.
  8852 | D:10     | Found a staircase to the Lair.
  9198 | Lair:1   | Entered Level 1 of the Lair of Beasts
  9436 | Lair:1   | Found a gate leading to a gauntlet.
  9451 | Gauntlet | Entered a Gauntlet
  9451 | Gauntlet | Found a transporter.
  9451 | Gauntlet | Found a transporter.
  9452 | Gauntlet | Found a transporter.
  9455 | Gauntlet | Found a transporter.
  9455 | Gauntlet | Found a transporter.
  9457 | Gauntlet | Found a large runed translucent door.
  9458 | Gauntlet | Found a large runed translucent door.
  9459 | Gauntlet | Found a large runed translucent door.
  9459 | Gauntlet | Found a large runed translucent door.
  9459 | Gauntlet | Found a runed translucent door.
  9459 | Gauntlet | Found a runed translucent door.
  9460 | Gauntlet | Found a large runed translucent door.
  9460 | Gauntlet | Found a large runed translucent door.
  9460 | Gauntlet | Found a large runed translucent door.
  9460 | Gauntlet | Found a large runed translucent door.
  9461 | Gauntlet | Found a large runed translucent door.
  9462 | Gauntlet | Found a large runed translucent door.
  9466 | Gauntlet | Found a transporter.
  9472 | Gauntlet | Found a transporter.
  9476 | Gauntlet | Found a transporter.
  9476 | Gauntlet | Found a large runed translucent door.
  9477 | Gauntlet | Found a large runed translucent door.
  9477 | Gauntlet | Found a large runed translucent door.
  9478 | Gauntlet | Found a runed translucent gate.
  9478 | Gauntlet | Found a runed translucent gate.
  9480 | Gauntlet | Found a large runed translucent door.
  9481 | Gauntlet | Found a large runed translucent door.
  9482 | Gauntlet | Found a large runed translucent door.
  9491 | Gauntlet | Found a runed translucent gate.
  9493 | Gauntlet | Found a transporter.
  9515 | Gauntlet | Found a transporter.
  9540 | Gauntlet | Found a transporter.
  9616 | Gauntlet | Found a transporter.
  9617 | Gauntlet | Noticed an obsidian statue
  9712 | Gauntlet | Reached XP level 12. HP: 89/91 MP: 12/12
  9743 | Gauntlet | Identified the amulet "Quefedgh" {Acrobat rPois Str+8
                  | Stlth-}
  9758 | Gauntlet | Noticed a minotaur
  9767 | Gauntlet | Killed a minotaur
  9812 | Gauntlet | Got the Spellbook of Changed Beguiling
 10688 | Lair:2   | Noticed an eight-headed hydra
 10702 | Lair:2   | Killed a five-headed hydra
 11535 | Lair:2   | Found a staircase to the Shoals.
 11538 | Lair:2   | Reached skill level 5 in Shields
 11576 | Lair:2   | Reached ***** piety under Wu Jian
 12039 | Lair:3   | Noticed a four-headed hydra
 12048 | Lair:3   | Killed a one-headed hydra
 12049 | Lair:3   | Gained mutation: You are powered by pain. [demonic
                  | ancestry]
 12049 | Lair:3   | Reached XP level 13. HP: 100/100 MP: 13/13
 12136 | Lair:3   | Reached skill level 15 in Long Blades
 12328 | Lair:3   | Found a hole to the Spider Nest.
 14101 | Lair:4   | Reached skill level 10 in Fighting
 14360 | Lair:5   | Entered Level 5 of the Lair of Beasts
 14523 | Lair:5   | Reached XP level 14. HP: 110/110 MP: 14/14
 14623 | Lair:5   | Found a viscous altar of Jiyva.
 14623 | Lair:5   | Found a staircase to the Slime Pits.
 15121 | Lair:5   | Found a burning altar of Makhleb.
 15601 | Lair:5   | Found a gateway to Hell.
 16832 | D:12     | Reached ****** piety under Wu Jian
 16990 | D:12     | Found a staircase to the Orcish Mines.
 17020 | D:12     | Found a radiant altar of Vehumet.
 17022 | D:12     | Found a sacrificial altar of Ru.
 17022 | D:12     | Found a stormy altar of Qazlal.
 17024 | D:12     | Found a sacrificial altar of Ru.
 17024 | D:12     | Found a shimmering altar of Xom.
 17024 | D:12     | Found a radiant altar of Vehumet.
 17321 | D:12     | Got the Directory of Unlucky Movement
 17389 | D:13     | Found Naliukuu's Armour Boutique.
 17410 | D:13     | Reached skill level 10 in Dodging
 17464 | D:13     | HP: 2/113 [vault guard/+0 long sword (17)]
 18105 | D:13     | Identified the +7 whip of Disintegration {freeze, rElec
                  | Int-3 Dex+3 Stlth+}
 18114 | D:13     | Found Kolaxkee's Specific Store.
 18118 | D:13     | Found Xanonag's General Store.
 18268 | D:13     | Noticed Erolcha
 18273 | D:13     | Killed Erolcha
 18279 | D:13     | Reached skill level 10 in Armour
 18437 | D:13     | Found a gate to the Vaults.
 18834 | D:14     | Reached XP level 15. HP: 119/119 MP: 15/15
 19671 | D:15     | Entered Level 15 of the Dungeon
 20089 | D:15     | Found Icsaos's Weapon Shop.
 20154 | D:15     | Identified the +1 falchion of Dung {heavy, *Noise rF++
                  | rCorr Dex+4}
 20430 | D:15     | Found a staircase to the Depths.
 20551 | Orc:1    | Entered Level 1 of the Orcish Mines
 20813 | Orc:1    | Found Leifysm's Gadget Gallery.
 21000 | Orc:2    | Entered Level 2 of the Orcish Mines
 21063 | Orc:2    | Noticed Rupert
 21075 | Orc:2    | Paralysed by Rupert for 4 turns
 21081 | Orc:2    | Killed Rupert
 21113 | Orc:2    | Identified the +6 chain mail of the Farmer {rElec Str+2
                  | Dex-2}
 21122 | Orc:2    | Identified the +4 scimitar of Doom {heavy, Will++ Stlth+}
 21170 | Orc:2    | Found a staircase to the Elven Halls.
 21343 | Orc:2    | Found Dumod's Distillery.
 21390 | Orc:2    | Found Bukas's General Store.
 21463 | Orc:2    | Bought a scroll of identify for 20 gold pieces
 21463 | Orc:2    | Bought a scroll of identify for 20 gold pieces
 21463 | Orc:2    | Bought 2 potions of curing for 60 gold pieces
 21468 | Orc:2    | Bought a potion of heal wounds for 65 gold pieces
 21468 | Orc:2    | Bought a potion of heal wounds for 65 gold pieces
 21468 | Orc:2    | Bought a potion of lignification for 39 gold pieces
 21468 | Orc:2    | Bought a potion of resistance for 130 gold pieces
 21468 | Orc:2    | Bought a potion of invisibility for 104 gold pieces
 21468 | Orc:2    | Bought a potion of haste for 130 gold pieces
 21619 | Orc:2    | Paralysed by an orc sorcerer for 4 turns
 22131 | Orc:2    | Found Vaeleup's Antique Weapon Shop.
 22131 | Orc:2    | Found Gewn's Jewellery Boutique.
 22288 | Orc:2    | Found a one-way gate leading to the halls of Pandemonium.
 22410 | Orc:2    | Bought the ring "Bixaxki" {rElec rC+ rN++ MP+9 Stlth-} for
                  | 1072 gold pieces
 22838 | Spider:1 | Entered Level 1 of the Spider Nest
 23487 | Spider:1 | Gained mutation: You are partially covered in rugged brown
                  | scales. (AC +1, +3% HP) [demonic ancestry]
 23487 | Spider:1 | Reached XP level 16. HP: 94/132 MP: 16/16
 23890 | Spider:1 | Reached skill level 10 in Shields
 24128 | Spider:1 | Noticed Mlioglotl
 24139 | Spider:1 | Noticed a tentacled starspawn
 24145 | Spider:1 | Killed Mlioglotl
 24764 | Spider:2 | Identified the +4 chain mail of the Thunderstorm {Dex+2}
 25307 | Spider:2 | Saving game... please wait.
 25307 | Spider:2 | Upgraded the game from 0.31-a0-1074-g0b22e4e0f1 to
                  | 0.31-a0-1082-g7d1fb776a8
 26518 | Spider:3 | Noticed Donald
 26526 | Spider:3 | Killed Donald
 26731 | Spider:3 | Reached skill level 1 in Shapeshifting
 27213 | Spider:3 | Found a runed translucent gate.
 27214 | Spider:3 | Found a runed translucent gate.
 27215 | Spider:3 | Found a runed translucent gate.
 27218 | Spider:3 | Noticed othur's ghost (adept DsCK)
 27218 | Spider:3 | Noticed Hun Mipn's ghost (adept DERe)
 27219 | Spider:3 | Noticed t4s4d4r's ghost (adept DgHu)
 27219 | Spider:3 | Noticed Hun Mipn's ghost (adept DERe)
 27280 | Spider:3 | Killed Hun Mipn's ghost
 27294 | Spider:3 | Killed t4s4d4r's ghost
 27296 | Spider:3 | Killed othur's ghost
 27405 | Spider:4 | Entered Level 4 of the Spider Nest
 27582 | Spider:3 | Killed Hun Mipn's ghost
 28076 | Spider:4 | Reached XP level 17. HP: 109/141 MP: 17/17
 28224 | Spider:4 | Reached skill level 1 in Air Magic
 28470 | Spider:4 | Reached skill level 1 in Translocations
 29507 | Spider:4 | Got a gossamer rune of Zot
 30272 | Shoals:1 | Entered Level 1 of the Shoals
 30272 | Shoals:1 | Found Xugociy's Overcharged Wands.
 30307 | Shoals:1 | Found Boko's Distillery.
 30316 | Shoals:1 | Noticed a kraken
 30394 | Shoals:1 | Found a frozen archway.
 30404 | IceCv    | Entered an ice cave
 31183 | IceCv    | HP: 5/142 [reaper/+0 scythe of freezing (3)]
 32003 | Shoals:1 | Killed a kraken
 32378 | Shoals:1 | Identified the +6 spear of the Furious {heavy, Int+3}
 32902 | Shoals:2 | Identified the +3 leather armour "Movotec" {rPois rF+
                  | Int+3}
 32914 | Shoals:2 | Reached XP level 18. HP: 139/150 MP: 18/18
 33476 | Shoals:2 | Noticed Polyphemus
 33499 | Shoals:2 | HP: 2/150 [Polyphemus/catoblepas (25)]
 35034 | Shoals:4 | Entered Level 4 of the Shoals
 35204 | Shoals:4 | Reached skill level 5 in Air Magic
 35209 | Shoals:4 | Reached skill level 5 in Shapeshifting
 35221 | Shoals:4 | Reached skill level 5 in Translocations
 35301 | Shoals:4 | Found the +4 skin of Zhor {*Englaciate rC+++ SInv}
 35312 | Shoals:4 | Identified the ring "Fodghi Ageti" {Ice Str+6 Dex+3 Stlth-}
 35373 | Shoals:4 | Got a barnacled rune of Zot
 35526 | Shoals:4 | Paralysed by a sphinx for 4 turns
 36197 | Vaults:1 | Entered Level 1 of the Vaults
 36370 | Vaults:1 | Reached XP level 19. HP: 114/157 MP: 19/19
 36525 | Vaults:1 | HP: 3/157 [tengu reaver/bolt of acid (34)]
 37364 | Vaults:1 | You are sucked into a shaft and drop 1 floor!
 37371 | Vaults:2 | Noticed Xtahua
 37374 | Vaults:2 | Found a staircase to the Crypt.
 37376 | Vaults:2 | Killed Xtahua
 37535 | Vaults:2 | Found Onlyvv Jeon's Distillery.
 37540 | Vaults:2 | Bought a potion of heal wounds for 80 gold pieces
 37540 | Vaults:2 | Bought a potion of heal wounds for 80 gold pieces
 37774 | Vaults:2 | Found Axzoehenn's Armour Shop.
 37985 | Vaults:2 | Identified the +8 chain mail of the Armoured One {Dex+4}
 38010 | Vaults:2 | Reached skill level 15 in Fighting
 38435 | Vaults:2 | Identified the amulet "Palewoca" {Faith rElec}
 38557 | Vaults:2 | Found Gucoch's Distillery.
 38585 | Vaults:2 | Bought a potion of berserk rage for 75 gold pieces
 38858 | Vaults:2 | Paralysed by a formless jellyfish for 1 turns
 39745 | Vaults:2 | Found Imuwkaed's Book Shoppe.
 39756 | Vaults:2 | Identified the +6 ring mail of the Devil's Team {Stlth+}
 40219 | Vaults:3 | Reached skill level 15 in Shields
 40219 | Vaults:3 | Reached XP level 20. HP: 106/166 MP: 20/20
 40238 | Vaults:3 | Found a magical portal.
 40262 | WizLab   | Entered The Hall of the Hellbinder
 40377 | WizLab   | Gained mutation: Your system is resistant to poisons.
                  | (rPois) [a cacodemon]
 40478 | WizLab   | Noticed Wiloit
 40746 | WizLab   | Killed Wiloit the Hellbinder
 40753 | WizLab   | Found a burning altar of Makhleb.
 40799 | WizLab   | Got the Directory of Production
 40819 | WizLab   | Identified the amulet "Tiruas" {Reflect rPois rF+ Dex+2
                  | SH+5}
 40824 | WizLab   | Identified the +4 scimitar of Disintegration {drain, Drain
                  | Fly rC+++ Int+3}
 44539 | Vaults:4 | Gained mutation: You are mostly covered in rugged brown
                  | scales. (AC +2, +5% HP) [demonic ancestry]
 44539 | Vaults:4 | Reached XP level 21. HP: 143/178 MP: 21/21
 44916 | Vaults:4 | Noticed Margery
 44944 | Vaults:4 | Killed Margery
 44964 | Vaults:4 | Reached skill level 1 in Spellcasting
 44989 | Vaults:5 | Entered Level 5 of the Vaults
 45011 | Vaults:5 | Noticed an ancient lich
 45060 | Vaults:5 | Killed an ancient lich
 45129 | Vaults:5 | Noticed a dread lich
 45134 | Vaults:5 | Killed a dread lich
 45143 | Vaults:5 | Noticed a golden dragon
 45154 | Vaults:5 | Killed a golden dragon
 45155 | Vaults:5 | Identified the amulet "Buojuamn" {Spirit rElec rC+ Str+4}
 45174 | Vaults:5 | Reached skill level 15 in Dodging
 45216 | Vaults:5 | Gained mutation: You are completely covered in rugged brown
                  | scales. (AC +3, +7% HP) [demonic ancestry]
 45216 | Vaults:5 | Reached XP level 22. HP: 180/191 MP: 27/27
 45225 | Vaults:5 | Identified the +4 trident of the Dungeon {drain, Drain rF++
                  | Will+ Str+4}
 45323 | Vaults:5 | Reached skill level 15 in Armour
 45371 | Vaults:5 | Identified the +7 chain mail "Aclifipn" {Will+ Str-3 SInv}
 45544 | Vaults:5 | Found Laukeem's Jewellery Shop.
 45545 | Vaults:5 | Identified the +11 plate armour of Ignis {rF+}
 45833 | Vaults:5 | Identified the +2 hand axe of Courage {protect, Will++
                  | Int+2}
 45937 | Vaults:5 | Identified the +0 pair of gloves "Poroq" {rPois Will+}
 45966 | Vaults:5 | Got a silver rune of Zot
 46464 | Vaults:5 | Identified the +5 sling of the Realm of Zot {heavy, rC+
                  | rCorr}
 46489 | Vaults:5 | Identified the +1 battleaxe of Responsibility {flame, rF+
                  | Will+}
 46883 | D:13     | Bought Maxwell's Memoranda for 760 gold pieces
 46888 | D:13     | Learned a level 4 spell: Vhi's Electric Charge
 46998 | Elf:1    | Entered Level 1 of the Elven Halls
 47017 | Elf:1    | Found a radiant altar of Vehumet.
 47316 | Elf:1    | Paralysed by an air elemental for 1 turns
 47321 | Elf:1    | Paralysed by an air elemental for 1 turns
 48198 | Elf:2    | Noticed Azrael
 48199 | Elf:2    | Reached skill level 10 in Translocations
 48205 | Elf:2    | Reached skill level 10 in Air Magic
 48249 | Elf:2    | Found a runed translucent door.
 48249 | Elf:2    | Found a runed translucent door.
 48262 | Elf:2    | Killed Azrael
 49406 | Elf:3    | Entered Level 3 of the Elven Halls
 49473 | Elf:3    | Found Oskuec's Magic Scroll Shoppe.
 49516 | Elf:3    | Bought a scroll of teleportation for 54 gold pieces
 49516 | Elf:3    | Bought a scroll of blinking for 135 gold pieces
 49516 | Elf:3    | Bought 3 scrolls of teleportation for 162 gold pieces
 49516 | Elf:3    | Bought a scroll of acquirement for 936 gold pieces
 49516 | Elf:3    | Bought a scroll of revelation for 135 gold pieces
 49516 | Elf:3    | Acquired a +2 heavy double sword
 49745 | Elf:3    | Gained mutation: You regenerate health from kills. [demonic
                  | ancestry]
 49745 | Elf:3    | Reached XP level 23. HP: 164/188 MP: 29/29
 49777 | Elf:3    | Found the +15 Maxwell's patent armour {-Cast -Tele rElec
                  | Will+ rCorr}
 49800 | Elf:3    | Identified the ring of Namief {Will+ Str+3 Int+3}
 49800 | Elf:3    | Identified the staff "Oqiev" {rElec rPois rC++ rCorr Dex-4
                  | Air}
 49896 | Elf:3    | Acquired the ring "Ubige" {rC+ EV+5}
 49947 | Elf:3    | Identified the +10 falchion "Dragonslayer" {speed, Str+3}
 49979 | Elf:3    | Identified the +1 ring mail of Koekill {rN+ Will+ Dex-4}
 50550 | Depths:1 | Entered Level 1 of the Depths
 50550 | Depths:1 | Found Loabocin's Weapon Shop.
 51901 | Depths:2 | Found a transporter.
 51909 | Depths:2 | Found a broken altar of Ashenzari.
 51944 | Depths:2 | Identified the +9 dagger "Jaz Has" {drain, Str+2}
 52005 | Depths:2 | Found a transporter.
 52301 | Depths:2 | Noticed Bai Suzhen
 52310 | Depths:2 | Killed Bai Suzhen
 52381 | Depths:2 | Found a one-way gate to the infinite horrors of the Abyss.
 52761 | Depths:3 | Noticed Jory
 52782 | Depths:2 | Killed Jory
 53090 | Depths:3 | Reached skill level 5 in Spellcasting
 53306 | Depths:3 | Gained mutation: Your presence sometimes corrodes those you
                  | injure. [demonic ancestry]
 53306 | Depths:3 | Reached XP level 24. HP: 205/206 MP: 30/30
 53461 | Depths:3 | Found a corrupted altar of Lugonu.
 53478 | Depths:3 | Identified the ring of the Will of the Gods {Ice rPois rN++
                  | Int-5 Slay+3}
 53478 | Depths:3 | Noticed Josephina
 53480 | Depths:3 | Found Alaint's Jewellery Emporium.
 53481 | Depths:3 | Found Qeishr Hofou's Book Boutique.
 53481 | Depths:3 | Found Ewievo's Book Boutique.
 53495 | Depths:3 | Killed Josephina
 53720 | Depths:3 | Bought a book of Blood for 560 gold pieces
 53791 | Depths:3 | You fall into a shaft and drop 1 floor!
 53791 | Depths:4 | Entered Level 4 of the Depths
 53829 | Depths:4 | Found a one-way gateway to a ziggurat.
 54256 | Depths:3 | Found a runed translucent gate.
 54257 | Depths:3 | Noticed an ancient lich
 54259 | Depths:3 | Found a runed translucent gate.
 54259 | Depths:3 | Found an ancient bone altar of Kikubaaqudgha.
 54260 | Depths:3 | Found a runed translucent gate.
 54260 | Depths:3 | Noticed Lokifa's ghost (adept GnWn)
 54349 | Depths:3 | Identified the +10 orcbow of the Forest {drain, Fly rElec
                  | rF- rN+++}
 54352 | Depths:3 | Identified the +0 flail of Bizxeaxt {freeze, rPois rN++}
 54387 | Depths:3 | Noticed a juggernaut
 54747 | Depths:3 | Killed a juggernaut
 55593 | Depths:3 | Noticed a juggernaut
 55603 | Depths:3 | Killed a juggernaut
 55707 | Depths:3 | Noticed a juggernaut
 55713 | Depths:3 | Killed a juggernaut
 55777 | Depths:3 | Got the Folio of Rime and Therianthropy
 55849 | Depths:3 | Acquired 614 gold pieces
 55953 | Depths:3 | Reached skill level 10 in Shapeshifting
 56092 | Depths:3 | Killed an ancient lich
 56105 | Depths:3 | Killed Lokifa's ghost
 56113 | Depths:3 | Identified the ring "Feagu" {Ice rElec Will- Int+2}
 56144 | Depths:3 | Identified the +2 pair of boots of Winter {Will+}
 56160 | Depths:3 | Identified the +0 leather armour of Gozag's Scorn {rF+
                  | Str+2 Slay-4}
 56162 | Depths:3 | Got Kikubaaqudgha's Monograph on the Graveyard
 56340 | Depths:2 | Identified the staff "Bymastrem" {rC- Str+4 Conj}
 56442 | Depths:2 | Got the Elucidation of the Queen Bee
 56443 | Depths:2 | Identified the +7 ring mail of Parts Unknown {rC- MP+9
                  | Stlth+}
 56447 | Depths:2 | Identified the +2 cloak of Parts Unknown {rElec Str+3
                  | Int+2}
 56803 | Slime:1  | Entered Level 1 of the Pits of Slime
 56839 | Slime:2  | Gained mutation: You occasionally lose the ability to read
                  | scrolls when taking damage. [a shining eye]
 56877 | Slime:5  | Entered Level 5 of the Pits of Slime
 56892 | Slime:5  | Paralysed by a formless jellyfish for 1 turns
 56930 | Slime:5  | Noticed the Royal Jelly
 56941 | Slime:5  | Killed the Royal Jelly
 56942 | Slime:5  | Gained mutation: Your presence sometimes corrodes or
                  | deforms those you injure. [demonic ancestry]
 56942 | Slime:5  | Reached XP level 25. HP: 199/216 MP: 33/33
 57003 | Slime:5  | Found the amulet of Vitality {RegenMP++ Regen++}
 57019 | Slime:5  | Got the Folio of Freezing and Battle Magic
 57022 | Slime:5  | Identified the +4 falchion of Dullness {heavy, rF+ rCorr
                  | Int+5}
 57051 | Slime:5  | Got a slimy rune of Zot
 57052 | Slime:5  | Identified the +5 hat of Risi {rCorr Dex+5}
 57057 | Slime:5  | Identified the +6 demon trident of Scorn {vamp, Dex+3}
 57107 | Slime:5  | Identified the +1 ring mail of Qualy {Dex+5}
 57121 | Slime:5  | Identified the ring of the Treeataur {Ice rElec rN++ rCorr}
 57205 | Slime:5  | Learned a level 2 spell: Wereblood
 57529 | Pan      | Entered Pandemonium
 57587 | Pan      | Noticed Maykuni the pandemonium lord
 57605 | Pan      | Killed Maykuni the pandemonium lord
 58255 | Pan      | Gained mutation: Your magical capacity is low. (-10% MP) [a
                  | neqoxec]
 58427 | Pan      | Gained mutation: Your body sometimes deteriorates upon
                  | taking damage. [a neqoxec]
 58431 | Pan      | Lost mutation: Your body sometimes deteriorates upon taking
                  | damage. [potion of mutation]
 58431 | Pan      | Lost mutation: Your system is resistant to poisons. (rPois)
                  | [potion of mutation]
 58431 | Pan      | Gained mutation: You are resistant to electric shocks.
                  | (rElec) [potion of mutation]
 58431 | Pan      | Gained mutation: You occasionally lose the ability to drink
                  | potions when taking damage. [potion of mutation]
 58432 | Pan      | Lost mutation: You occasionally lose the ability to read
                  | scrolls when taking damage. [potion of mutation]
 58432 | Pan      | Lost mutation: You are resistant to electric shocks.
                  | (rElec) [potion of mutation]
 58432 | Pan      | Lost mutation: You occasionally lose the ability to drink
                  | potions when taking damage. [potion of mutation]
 58432 | Pan      | Gained mutation: Armour fits poorly on your strangely
                  | shaped body. [potion of mutation]
 58432 | Pan      | Gained mutation: You passively map a small area around you.
                  | [potion of mutation]
 58433 | Pan      | Lost mutation: You passively map a small area around you.
                  | [potion of mutation]
 58433 | Pan      | Lost mutation: Armour fits poorly on your strangely shaped
                  | body. [potion of mutation]
 58433 | Pan      | Gained mutation: You passively map a small area around you.
                  | [potion of mutation]
 58433 | Pan      | Gained mutation: Your muscles are strong. (Str +4, Int/Dex
                  | -1) [potion of mutation]
 58433 | Pan      | Gained mutation: Your flesh is cold resistant. (rC+)
                  | [potion of mutation]
 58512 | Orc:2    | Escaped Pandemonium
 58514 | Pan      | Entered Pandemonium
 58514 | Pan      | Noticed Bobep the pandemonium lord
 58530 | Pan      | Got a demonic rune of Zot
 58949 | Pan      | Killed Bobep the pandemonium lord
 59262 | Pan      | Killed from afar by a hellion

Illustrated notes

Levels and vault maps discovered:
D:1:      eino_arrival_water_cross, layout_rooms,
          dreamdust_ecumenical_altar_statues
D:2:      layout_loops_ring, minivault_23, uniq_terence, uniq_natasha
D:3:      layout_loops_ring, uniq_crazy_yiuf_cottage
D:4:      layout_rooms, mainiacjoe_overflow_alcove_2
D:5:      layout_basic, uniq_pikel, uniq_sigmund, uniq_duvessa
D:6:      layout_basic, lemuel_crystal_altar, minmay_temple_entry_poolview,
          uniq_prince_ribbit1
D:7:      layout_loops_ring, tgw_sif, uniq_jeremiah
D:8:      layout_rooms, mainiacjoe_overflow_24_doors, uniq_maurice
D:9:      minmay_slanted_spiral_squares, layout_rooms, enter_bailey_4,
          serial_shops, shop, uniq_psyche, uniq_grum
D:10:     layout_loops_ring, kennysheep_ying_yang, erik_lair_dragon,
          enter_trove_5, uniq_fannar
D:11:     layout_gridville
D:12:     layout_roguey, orc_0_dummy, nicolae_kite_square_tiling_tiny,
          doesnt_xom_only_xom
D:13:     layout_big_octagon, lightli_vaults_fourway_checkpoint, serial_shops,
          shop, nicolae_specific_store, uniq_erolcha
D:14:     layout_stronghold, minmay_misc_feat_nine_boxes, minivault_26
D:15:     grunt_enter_depths_hoard, layout_basic, serial_shops, shop
Temple:   compressed_dpeg_triangle_lava_temple
Lair:1:   layout_gridlike, gauntlet_entry_generic, serial_bayou_pond_e,
          columned_hall_lemuel
Lair:2:   layout_roguey, minmay_shoals_entry_centaurs, basic_altar,
          dreamdust_wasp_nest
Lair:3:   layout_cave_pods, nicolae_spider_entry_orb_guardian,
          grunt_megastairs_5
Lair:4:   layout_cellular_growth, chequers_serial_rivers_micro_e, wad_woods_03
Lair:5:   evil_forest, layout_misc_corridors, nicolae_slime_entry_slimehenge,
          serial_bayou_shore_b
Shoals:1: layout_shoals, serial_shops, nicolae_shop_statue_plus,
          portal_ice_cave_entry_ice_statue_one, nicolae_shop_overcharged_wands
Shoals:2: layout_shoals, uniq_polyphemus
Shoals:3: layout_shoals, nicolae_shoals_this_corrosion
Shoals:4: shoals_end_hellmonk_lost_city
Spider:1: layout_spider_delve, uniq_mlioglotl
Spider:2: layout_spider_delve, nicolae_spider_cling_ruins, drop_trap,
          hangedman_spider_tarantella_strand
Spider:3: layout_spider_delve, gammafunk_ghost_cemetery, uniq_donald
Spider:4: floodkiller_spider_rune_tomb
Slime:1:  layout_caves
Slime:2:  layout_caves, nicolae_slime_phagocytosis, uniq_dissolution
Slime:3:  layout_caves
Slime:4:  layout_caves
Slime:5:  slime_pit
Orc:1:    layout_caves, basic_altar, nicolae_shop_gadgets
Orc:2:    pf_orc_diabolical, layout_caves, elf_legates, uniq_rupert
Elf:1:    eino_elf_arrival_altar, layout_geoelf_grid, hangedman_elf_represent,
          nrook_loot_triangle
Elf:2:    elven_hall_of_blades_hangedman_original
          [nicolae_blade_entry_splitting_headache], layout_gridlike, uniq_azrael
Elf:3:    minmay_elf_hall_dome, layout_gridlike, serial_shops,
          nicolae_shop_gibbet_a_chance
Vaults:1: nicolae_vaults_sightless_eye, vaults_dpeg_doors,
          nicolae_vaults_closet_pinwheel_1, nicolae_vaults_c_with_doors,
          hangedman_vaults_hat, nicolae_vaults_windows_and_doors_thing,
          ontoclasm_vaults_decontamination, vaults_room_hallway,
          nicolae_vaults_trapezoid_lopsided_1, nicolae_vaults_diamond_2,
          nicolae_vaults_bisected_exclaves, layout_vaults_big_room
Vaults:2: nicolae_vaults_more_shelving_1, nicolae_vaults_tetromino_L_2,
          nicolae_vaults_stand_back, nicolae_vaults_alarming,
          nicolae_vaults_tetromino_Z_2, nicolae_vaults_door_testing_chamber,
          minmay_crypt_entry_simple_corners, vaults_room_fours,
          vaults_dpeg_emergency_exit, layout_vaults_omnigrid, serial_shops,
          nicolae_shop_industrial_runoff, shop, shop, shop, uniq_xtahua
Vaults:3: infiniplex_enter_wizlab_water, ontoclasm_vaults_ligature,
          nicolae_vaults_gold_heap, nicolae_vaults_house_3,
          nicolae_vaults_offset_grid_hallway_3, nicolae_vaults_little_ls,
          nicolae_vaults_security_offices_4, v_rooms_4, serial_ice_m, v_misc_5,
          hangedman_vaults_cutoff, nicolae_vaults_network_square,
          hangedman_vaults_stretched_pinwheel, grunt_vaults_swirl,
          grunt_vaults_hallway_short, nicolae_vaults_storage_closets_1,
          layout_vaults_omnibox
Vaults:4: v_rooms_6, v_rooms_4, nicolae_vaults_theta, special_room_vaults
          [special_room_orc], v_misc_18, ontoclasm_vaults_claustrophobia,
          dpeg_vaults_monster_box, vaults_room_grunt_arrival_ludios,
          nicolae_vaults_little_squares_6, nicolae_vaults_stairing_the_circle,
          nicolae_vaults_circle_grid_a, vaults_dpeg_cross, vaults_room_pools,
          nicolae_vaults_two_Ls, layout_vaults_maze, uniq_margery
Vaults:5
Depths:1: layout_gridlike, amcnicky_mini_pool_small, pf_coc_iceberg,
          serial_shops, nicolae_shop_mannequins, onia_ninara_cookie
Depths:2: gammafunk_sealed_arena, layout_gridlike, nicolae_ashenzari_skybound,
          abyss_entry, grunt_pan_entry_in_and_out, hell_entry, uniq_bai_suzhen
Depths:3: grunt_twisty_corner, layout_gridlike, gammafunk_ghost_crypt,
          hell_entry, serial_sigils_hangedman_writhe, abyss_entry_flame_altar,
          minmay_shop_grove, uniq_jory, uniq_josephina
Depths:4: grunt_zot_entry_gee_three, layout_cave_pools, enter_ziggurat_b,
          minmay_misc_feat_tiny, hell_entry, nicolae_danse_macabre
Pan:      evilmike_mini_pan_thingy, layout_pan_divisions_a
          [pan_division_quadrant_a6, pan_division_quadrant_a1,
          pan_division_quadrant_a6, pan_division_quadrant_a4,
          pan_division_octagon_halves], pan_blood_fountain_small,
          pan_disco_hall, layout_pan_divisions_a [pan_division_quadrant_a1,
          pan_division_quadrant_a6, pan_division_quadrant_a2,
          pan_division_quadrant_a3, pan_division_octagon_divided]

Skill      XL: |  1  2  3  4  5  6  7  8  9 10 11 12 13 14 15 16 17 18 19 20 21 22 23 24 25 |
---------------+----------------------------------------------------------------------------+-----
Long Blades    | 3 4 5 6 7 9 11 13 14 15 16 17 18 | 18.0
Armour         | 1 4 6 7 8 10 11 12 13 14 15 16 | 16.0
Dodging        | 3 5 6 8 9 10 11 12 13 14 15 16 | 16.2
Fighting       | 5 7 8 10 11 12 13 14 15 16 17 18 | 18.0
Shields        | 2 5 6 8 9 11 12 13 15 16 17 18 | 18.4
Shapeshifting  | 2 4 5 6 7 8 9 10 | 10.8
Air Magic      | 3 5 6 8 11 13 14 | 14.8
Translocations | 3 5 6 8 9 11 13 14 | 14.8
Spellcasting   | 3 4 5 6 7 |  7.9

Action                     |  1- 3 |  4- 6 |  7- 9 | 10-12 | 13-15 | 16-18 | 19-21 | 22-24 | 25-27 || total
---------------------------+-------+-------+-------+-------+-------+-------+-------+-------+-------++-------
  Melee: Falchion          |    59 |       |       |       |       |       |       |       |       ||    59
         Headbutt          |     8 |    20 |    65 |   186 |   423 |   587 |   537 |   518 |   110 ||  2454
         Long sword        |    23 |   124 |   237 |   323 |       |       |       |       |       ||   707
         Scimitar          |       |       |       |   423 |  1571 |  1978 |  1887 |   667 |       ||  6526
         Unarmed           |       |       |       |       |       |       |     7 |       |       ||     7
         Double sword      |       |       |       |       |       |       |       |  1173 |   386 ||  1559
  Throw: Dart              |       |       |     1 |     9 |     6 |     2 |       |     1 |       ||    19
   Cast: Vhi's Electric Ch |       |       |       |       |       |       |       |     1 |    16 ||    17
 Invoke: Serpent's Lash    |       |       |       |     2 |     1 |     6 |     5 |    10 |     2 ||    26
         Heavenly Storm    |       |       |       |       |     1 |     4 |     6 |     4 |     2 ||    17
Ability: Lunge             |       |       |    13 |    63 |   113 |   124 |    98 |   149 |    35 ||   595
         Whirlwind         |       |       |       |   141 |   354 |   793 |   904 |   618 |   133 ||  2943
         Wall Jump         |       |       |       |       |       |     2 |       |       |       ||     2
  Evoke: Wand              |       |       |     2 |    11 |     2 |     4 |     2 |     3 |     1 ||    25
    Use: Scroll            |       |       |     8 |     3 |    16 |    14 |     9 |    15 |     4 ||    69
         Potion            |       |       |       |     2 |     4 |     7 |    16 |     5 |     8 ||    42
   Stab: Held in net/web   |       |       |       |       |       |     1 |       |       |       ||     1
         Petrifying        |       |       |       |       |       |     3 |       |       |       ||     3
         Confused          |       |       |       |       |       |       |     3 |       |       ||     3
         Invisible         |       |       |       |       |       |       |     2 |       |       ||     2
 Armour: Ring mail         |    51 |    79 |   110 |   161 |       |       |       |       |       ||   401
         Scale mail        |       |       |       |   164 |   549 |       |       |       |       ||   713
         Chain mail        |       |       |       |       |    27 |   825 |       |       |       ||   852
         Fire dragon scale |       |       |       |       |     2 |    31 |   595 |    56 |       ||   684
         Skin              |       |       |       |       |       |       |     9 |       |       ||     9
         Plate armour      |       |       |       |       |       |       |       |   788 |   191 ||   979
  Dodge: Dodged            |    57 |    64 |   101 |   313 |   609 |   930 |   762 |   384 |   150 ||  3370
         Repelled          |       |       |       |       |     6 |     8 |       |       |       ||    14
  Block: Buckler           |       |       |       |    68 |   238 |       |       |       |       ||   306
         Kite shield       |       |       |       |       |   301 |  1347 |  1257 |  1562 |   386 ||  4853
         Reflection        |       |       |       |       |       |    42 |    62 |    57 |     9 ||   170

Table legend: (Time is in decaauts)
 A = Elapsed time spent in this place.
 B = Non-inter-level travel time spent in this place.
 C = Inter-level travel time spent in this place.
 D = Time resting spent in this place.
 E = Time spent auto-exploring this place.
 F = Levels seen in this place.
 G = Mean time per level.
                   A        B        C        D        E       F      G
               +--------+--------+--------+--------+--------+-----+--------+
         Total |  58801 |  54141 |   4660 |   3146 |  38956 |  54 | 1088.9 |
       Dungeon |  14509 |  12738 |   1771 |    472 |   9961 |  15 |  967.3 |
        Temple |     16 |      9 |      7 |      0 |      0 |   1 |   16.0 |
          Lair |   6694 |   5799 |    895 |      0 |   4569 |   5 | 1338.8 |
        Shoals |   4382 |   4239 |    143 |    143 |   3281 |   4 | 1095.5 |
   Spider Nest |   6927 |   6536 |    391 |    406 |   4825 |   4 | 1731.8 |
    Slime Pits |    452 |    374 |     78 |      0 |    176 |   5 |   90.4 |
  Orcish Mines |   2176 |   1758 |    418 |    230 |   1065 |   2 | 1088.0 |
   Elven Halls |   3337 |   3187 |    150 |      0 |   2402 |   3 | 1112.3 |
        Vaults |   9941 |   9363 |    578 |   1001 |   6195 |   5 | 1988.2 |
        Depths |   6053 |   5826 |    227 |    325 |   4121 |   4 | 1513.2 |
   Pandemonium |   1768 |   1768 |      0 |    228 |    958 |   2 |  884.0 |
        Bailey |    310 |    310 |      0 |      0 |    183 |   1 |  310.0 |
      Ice Cave |   1148 |   1148 |      0 |    253 |    654 |   1 | 1148.0 |
        Wizlab |    680 |    680 |      0 |     87 |    314 |   1 |  680.0 |
      Gauntlet |    400 |    400 |      0 |      0 |    251 |   1 |  400.0 |
               +--------+--------+--------+--------+--------+-----+--------+

Top non-repeatable levels by time:
Depths:3: 3101 daAuts
Vaults:3: 2864 daAuts
Spider:4: 2637 daAuts
Vaults:2: 1927 daAuts
Vaults:1: 1914 daAuts
    D:10: 1852 daAuts
Vaults:5: 1728 daAuts
   Orc:2: 1714 daAuts
Shoals:2: 1558 daAuts
Spider:2: 1553 daAuts
Depths:2: 1512 daAuts
Vaults:4: 1506 daAuts
  Lair:3: 1474 daAuts
Spider:3: 1458 daAuts
     D:7: 1422 daAuts
